 Dungeon Crawl Stone Soup version 0.28-a0-265-g048bc9fd10 (webtiles) character file.

Game seed: 4311253734199549612

141 Smaepdii the Magician (level 5, -7/38 (43) HPs)
             Began as a Gnoll Wanderer on Aug 28, 2021.
             Mangled by a river rat (8 damage)
             ... on level 3 of the Dungeon.
             The game lasted 00:19:44 (4409 turns).

Smaepdii the Magician (Gnoll Wanderer)              Turns: 4409, Time: 00:19:44

HP:   -7/38 (43)    AC:  3    Str: 10    XL:     5   Next: 24%
MP:   11/12         EV: 12    Int: 15    God:
Gold: 87            SH:  0    Dex: 10    Spells: 9/14 levels left

rFire   . . .      SeeInvis .   b - +2 morningstar (vorpal)
rCold   . . .      Faith    .   (no shield)
rNeg    . . .      Spirit   .   c - +1 robe
rPois   .          Reflect  .   (no helmet)
rElec   .          Harm     .   (no cloak)
rCorr   .          Rampage  .   (no gloves)
Will    .....                   (no boots)
Stlth   +.........              (no amulet)
HPRegen 0.12/turn               (no ring)
MPRegen 0.13/turn               (no ring)

@: hasted, heavily drained, quick
A: fangs 1, strong nose, distributed training
a: no special abilities


You were on level 3 of the Dungeon.
You visited 1 branch of the dungeon, and saw 4 of its levels.

You collected 87 gold pieces.

Inventory:

Hand Weapons
 a - a +0 falchion
 b - a +2 vorpal morningstar (weapon)
Missiles
 f - 46 stones
 g - 58 arrows
 h - 31 bolts
 l - 19 sling bullets
Armour
 c - a +1 robe (worn)
 j - a +0 ring mail
Scrolls
 d - 2 scrolls of teleportation
 e - 3 scrolls of enchant armour
 i - a scroll of fog
 m - a scroll of amnesia {unknown}
Potions
 n - a potion of degeneration {unknown}
 o - a potion of might {unknown}


   Skills:
 + Level 4.7 Fighting
 + Level 1.4 Short Blades
 + Level 4.7 Long Blades
 + Level 1.4 Axes
 + Level 1.4 Maces & Flails
 + Level 1.4 Polearms
 + Level 1.4 Staves
 + Level 1.4 Slings
 + Level 1.4 Bows
 + Level 1.4 Crossbows
 + Level 1.4 Throwing
 + Level 1.4 Armour
 + Level 2.9 Dodging
 + Level 1.4 Stealth
 + Level 4.7 Shields
 + Level 1.4 Unarmed Combat
 + Level 5.2 Spellcasting
 + Level 1.1 Conjurations
 + Level 1.1 Hexes
 + Level 1.1 Summonings
 + Level 1.1 Necromancy
 + Level 1.1 Translocations
 + Level 1.1 Transmutations
 + Level 1.1 Fire Magic
 + Level 1.1 Ice Magic
 + Level 1.1 Air Magic
 + Level 2.3 Earth Magic
 + Level 1.1 Poison Magic
 + Level 1.6 Invocations
 + Level 1.4 Evocations


You had 9 spell levels left.
You knew the following spells:

 Your Spells              Type           Power      Damage    Failure   Level
a - Magic Dart            Conj           28%        1d4       10%         1
b - Blink                 Tloc           N/A        N/A       16%         2
c - Slow                  Hex            7%         N/A       16%         2

Your spell library contained the following spells:

 Spells                   Type           Power      Damage    Failure   Level
 Summon Small Mammal      Summ           28%        N/A       10%         1
 Call Imp                 Summ           7%         N/A       16%         2
 Call Canine Familiar     Summ           7%         N/A       30%         3
 Conjure Flame            Conj/Fire      7%         6-21      30%         3
 Mephitic Cloud           Conj/Pois/Air  7%         N/A       30%         3
 Summon Guardian Golem    Hex/Summ       7%         N/A       30%         3


Dungeon Overview and Level Annotations

Branches:
Dungeon (4/15)
 Temple: D:4-7

Altars:

Shops:
D:2 (


Innate Abilities, Weirdness & Mutations

You have very sharp teeth.
Your uncanny sense of smell can sniff out nearby items.
Your experience applies equally to all skills.


Message History

You closely miss the river rat.
The river rat is heavily wounded.
The river rat misses you.
Your unstable footing causes you to fumble your attack.
The river rat barely misses you.
You closely miss the river rat.
The river rat is heavily wounded.
The river rat bites you. x2
You barely miss the river rat.
The river rat is heavily wounded.
The river rat closely misses you.
Aiming: Magic Dart (safe; 10% risk of failure)
Press: ? - help, Q - select action, (/) - cycle Shift-Dir - straight line, f - river rat
Aim: a river rat (heavily wounded, 100% to hit)
The magic dart hits the river rat but does no damage.
The river rat is heavily wounded.
The river rat bites you!
Aiming: Magic Dart (safe; 10% risk of failure)
Press: ? - help, Q - select action, (/) - cycle Shift-Dir - straight line, f/p - river rat
Aim: a river rat (heavily wounded, 100% to hit)
The magic dart hits the river rat.
The river rat is heavily wounded.
The river rat completely misses you. The river rat barely misses you.
The river rat closely misses you. The river rat bites you.
Aiming: Magic Dart (safe; 10% risk of failure)
Press: ? - help, Q - select action, (/) - cycle Shift-Dir - straight line, f/p - river rat
Aim: a river rat (heavily wounded, 100% to hit)
The magic dart hits the river rat but does no damage.
The river rat is heavily wounded.
The river rat bites you.
* * * LOW HITPOINT WARNING * * *
The river rat bites you.
* * * LOW HITPOINT WARNING * * *
The river rat bites you!
* * * LOW HITPOINT WARNING * * *
The river rat barely misses you.
Okay, then.
You feel yourself speed up. The river rat bites you!
You die...

#### ####
####≈≈####≈≈##
#.†≈@r≈≈≈≈≈≈≈#
#.##≈≈####≈≈##
#.##### ##≈#
#.# #≈# #.#
#≈# #.# #≈#
#.# ≈≈# ####
#.# ≈≈≈ ...>
#.# ###.


You could see a river rat.

Vanquished Creatures
  3 gnolls (D:2)
  An adder (D:2)
  A shadow imp (D:3)
  4 worms
  5 orcs (D:3)
  6 bats
  3 endoplasms
  3 giant cockroaches (D:2)
  10 hobgoblins
  6 jackals (D:1)
  5 kobolds
  4 quokkas
  7 ball pythons
  2 frilled lizards (D:1)
  8 goblins
  3 rats
71 creatures vanquished.

Notes
Turn   | Place    | Note
-------+----------+-------------------------------------------
     0 | D:1      | Smaepdii the Gnoll Wanderer began the quest for the Orb.
     0 | D:1      | Smaepdii set off with the following items: a +0 falchion, a
                  | potion of lignification, a +0 robe; and the following spell
                  | memorised: Magic Dart; and the following spells available
                  | to memorise: Blink, Call Imp, Slow, Conjure Flame, Mephitic
                  | Cloud
     0 | D:1      | Reached XP level 1. HP: 20/20 MP: 6/6
   412 | D:1      | Reached XP level 2. HP: 19/26 MP: 3/7
  1164 | D:1      | Reached XP level 3. HP: 31/31 MP: 3/9
  1218 | D:1      | Learned a level 2 spell: Blink
  1221 | D:1      | Learned a level 2 spell: Slow
  1356 | D:1      | Reached skill level 5 in Spellcasting
  1611 | D:2      | Found Goroull's Weapon Boutique.
  1773 | D:2      | Found a faded altar of an unknown god.
  1812 | D:2      | Reached skill level 1 in Invocations
  2336 | D:2      | Reached skill level 1 in Short Blades
  2336 | D:2      | Reached skill level 1 in Axes
  2336 | D:2      | Reached skill level 1 in Maces & Flails
  2336 | D:2      | Reached skill level 1 in Polearms
  2336 | D:2      | Reached skill level 1 in Staves
  2336 | D:2      | Reached skill level 1 in Slings
  2336 | D:2      | Reached skill level 1 in Bows
  2336 | D:2      | Reached skill level 1 in Crossbows
  2336 | D:2      | Reached skill level 1 in Throwing
  2336 | D:2      | Reached skill level 1 in Armour
  2336 | D:2      | Reached skill level 1 in Stealth
  2336 | D:2      | Reached skill level 1 in Unarmed Combat
  2336 | D:2      | Reached skill level 1 in Evocations
  2351 | D:2      | Reached XP level 4. HP: 34/38 MP: 1/11
  2457 | D:2      | Reached skill level 1 in Conjurations
  2457 | D:2      | Reached skill level 1 in Hexes
  2457 | D:2      | Reached skill level 1 in Summonings
  2457 | D:2      | Reached skill level 1 in Necromancy
  2457 | D:2      | Reached skill level 1 in Translocations
  2457 | D:2      | Reached skill level 1 in Transmutations
  2457 | D:2      | Reached skill level 1 in Fire Magic
  2457 | D:2      | Reached skill level 1 in Ice Magic
  2457 | D:2      | Reached skill level 1 in Air Magic
  2457 | D:2      | Reached skill level 1 in Poison Magic
  3051 | D:3      | Noticed a necrophage
  3489 | D:3      | Reached XP level 5. HP: 37/38 MP: 8/12
  3789 | D:3      | Noticed a kobold brigand
  4044 | D:4      | Noticed a necrophage
  4407 | D:3      | HP: 1/38 [river rat (7)]
  4409 | D:3      | Mangled by a river rat

Illustrated notes

Levels and vault maps discovered:
D:1:      wander_arrival_peaceful_grave, layout_loops_ring
D:2:      minmay_general_purpose_star, layout_rooms,
          ebering_ecumenical_altar_webs, serial_shops, nicolae_diamond_shop,
          nrook_campfire
D:3:      layout_basic, gup_sewer_entry_bubbles
D:4:      layout_gridville, nzn_hepliaklqana_mist_gate,
          chequers_temple_overflow_statue_of_worship, serial_shops,
          nicolae_lakefront_shop

Skill      XL: |  1  2  3  4 |
---------------+-------------+-----
Earth Magic    | 2 |  2.3
Spellcasting   | 5 |  5.2
Invocations    | 1 |  1.6
Short Blades   | 1 |  1.4
Axes           | 1 |  1.4
Maces & Flails | 1 |  1.4
Polearms       | 1 |  1.4
Staves         | 1 |  1.4
Slings         | 1 |  1.4
Bows           | 1 |  1.4
Crossbows      | 1 |  1.4
Throwing       | 1 |  1.4
Armour         | 1 |  1.4
Stealth        | 1 |  1.4
Unarmed Combat | 1 |  1.4
Evocations     | 1 |  1.4
Conjurations   | 1 |  1.1
Hexes          | 1 |  1.1
Summonings     | 1 |  1.1
Necromancy     | 1 |  1.1
Translocations | 1 |  1.1
Transmutations | 1 |  1.1
Fire Magic     | 1 |  1.1
Ice Magic      | 1 |  1.1
Air Magic      | 1 |  1.1
Poison Magic   | 1 |  1.1
Fighting       | |  4.7
Long Blades    | |  4.7
Dodging        | |  2.9
Shields        | |  4.7

Action                   |  1- 3 |  4- 6 || total
-------------------------+-------+-------++-------
Melee: Falchion          |    97 |       ||    97
       Bite              |     3 |     1 ||     4
       Morningstar       |     4 |    55 ||    59
 Cast: Magic Dart        |    62 |    70 ||   132
       Blink             |       |     3 ||     3
       Slow              |       |     1 ||     1
  Use: Potion            |     1 |     1 ||     2
       Scroll            |       |     5 ||     5
 Stab: Sleeping          |     1 |       ||     1
Armor: Robe              |    11 |    15 ||    26
       Skin              |     7 |       ||     7
Dodge: Dodged            |    68 |    50 ||   118

Table legend: (Time is in decaauts)
 A = Elapsed time spent in this place.
 B = Non-inter-level travel time spent in this place.
 C = Inter-level travel time spent in this place.
 D = Time resting spent in this place.
 E = Time spent auto-exploring this place.
 F = Levels seen in this place.
 G = Mean time per level.
                   A        B        C        D        E       F      G
               +--------+--------+--------+--------+--------+-----+--------+
         Total |   4454 |   4300 |    154 |   1762 |   1111 |   4 | 1113.5 |
       Dungeon |   4454 |   4300 |    154 |   1762 |   1111 |   4 | 1113.5 |
               +--------+--------+--------+--------+--------+-----+--------+

Top non-repeatable levels by time:
     D:1: 1617 daAuts
     D:3: 1561 daAuts
     D:2: 1270 daAuts
     D:4: 5 daAuts
